 Dungeon Crawl Stone Soup version 0.28.0-61-g67df4f89a8 (webtiles) character file.

Game seed: 14192097572714999480

20 NotaViper the Ducker (level 2, -1/25 HPs)
             Began as a Ghoul Gladiator on Feb 14, 2023.
             Slain by a gnoll
             ... wielding a +0 spear
              (4 damage)
             ... on level 1 of the Dungeon.
             The game lasted 00:01:26 (564 turns).

NotaViper the Ducker (Ghoul Gladiator)               Turns: 564, Time: 00:01:26

Health: -1/25      AC:  6    Str: 17    XL:     2   Next: 79%
Magic:  1/1        EV: 11    Int:  3    God:
Gold:   29         SH:  0    Dex: 10    Spells: 1/1 levels left

rFire   . . .      SeeInvis .   a - +0 long sword
rCold   + . .      Faith    .   (no shield)
rNeg    + + +      Spirit   .   h - +0 ring mail
rPois   ∞          Reflect  .   c - +0 helmet
rElec   .          Harm     .   (no cloak)
rCorr   .          Rampage  .   (no gloves)
Will    .....                   (no boots)
Stlth   ..........              (no amulet)
HPRegen 0.00/turn               (no ring)
MPRegen 0.07/turn               (no ring)

@: inhibited regen
A: claws 1, cold resistance 1, negative energy resistance 3, inhibited
regeneration, torment resistance 2
a: no special abilities


You were on level 1 of the Dungeon.
You visited 1 branch of the dungeon, and saw 1 of its levels.

You collected 29 gold pieces.

Inventory:

Hand Weapons
 a - a +0 long sword (weapon)
 f - a +0 hunting sling
 g - a +0 short sword
 i - a +0 dagger
 j - a +0 long sword
Missiles
 d - 3 throwing nets (quivered)
 e - 3 poisoned darts
Armour
 b - a +0 leather armour
 c - a +0 helmet (worn)
 h - a +0 ring mail (worn)


   Skills:
 + Level 2.3 Fighting
 + Level 3.1 Long Blades
 + Level 1.7 Throwing
 + Level 0.1 Armour
 + Level 3.1 Dodging


You had one spell level left.
You didn't know any spells.
Your spell library was empty.

Dungeon Overview and Level Annotations

Branches:
Dungeon (1/15)

Altars:


Innate Abilities, Weirdness & Mutations

You thrive by killing the living.
You are immune to poison.
You have sharp fingernails.
Your flesh is cold resistant. (rC+)
You are immune to negative energy. (rN+++)
You do not regenerate when monsters are visible.
You are immune to unholy pain and torment.


Message History

A giant cockroach comes into view.
A gnoll comes into view. It is wielding a +0 spear.
Found 15 arrows.
The gnoll shouts!
The rat closely misses you.
You see here a jackal corpse.
You hit the rat.
You kill the rat!
The endoplasm hits you but does no damage.
You slash the endoplasm!
You kill the endoplasm!
The gnoll hits you but does no damage. The giant cockroach bites you.
You closely miss the giant cockroach.
A hobgoblin comes into view.
The giant cockroach bites you. The gnoll barely misses you.
You barely miss the giant cockroach.
The hobgoblin shouts!
The giant cockroach barely misses you.
The gnoll hits you from afar with a +0 spear.
The giant cockroach bites you.
You closely miss the giant cockroach.
The gnoll hits you from afar with a +0 spear.
The giant cockroach barely misses you.
The gnoll hits you from afar with a +0 spear.
You slash the giant cockroach!
You kill the giant cockroach!
The gnoll hits you from afar with a +0 spear.
The hobgoblin closely misses you. The gnoll closely misses you.
Things that are here:
a giant cockroach corpse; a rat corpse You hit the hobgoblin but do no damage.
The hobgoblin misses you. The gnoll barely misses you.
You barely miss the hobgoblin. The hobgoblin hits you.
The gnoll hits you with a +0 spear.
* * * LOW HITPOINT WARNING * * *
You closely miss the hobgoblin. The hobgoblin hits you.
* * * LOW HITPOINT WARNING * * *
The gnoll misses you. The hobgoblin barely misses you.
The gnoll hits you with a +0 spear.
You die...

..............#
#.# #
####....#####.#
.# #.# # #....#
#.# .. . #.# #
#....# #.# .#
## #.# # ######
#.# #.# #(# #.#
#.# ..#.### #.#
.....
#.###g.#.###
#..†@g......
##########.#


You could see a gnoll and a hobgoblin.

Vanquished Creatures
  3 ball pythons (D:1)
  2 endoplasms (D:1)
  2 giant cockroaches (D:1)
  A hobgoblin (D:1)
  3 jackals (D:1)
  3 kobolds (D:1)
  A quokka (D:1)
  A frilled lizard (D:1)
  A rat (D:1)
17 creatures vanquished.

Vanquished Creatures (others)
  A plant (D:1)
1 creature vanquished.

Grand Total: 18 creatures vanquished

Notes
Turn   | Place    | Note
-------+----------+-------------------------------------------
     0 | D:1      | NotaViper the Ghoul Gladiator began the quest for the Orb.
     0 | D:1      | Reached XP level 1. HP: 17/17 MP: 0/0
   226 | D:1      | Reached XP level 2. HP: 21/24 MP: 1/1
   564 | D:1      | Slain by a gnoll

Illustrated notes

Levels and vault maps discovered:
D:1:      lightli_arrival_statuegarden, layout_basic, minmay_statues_item,
          minmay_surrounded

Skill      XL: |  1  2 |
---------------+-------+-----
Dodging        | 3 |  3.1
Long Blades    | 3 |  3.1
Fighting       | |  2.3
Throwing       | |  1.7
Armour         | |  0.1

Action                   || total
-------------------------++-------
Melee: Long sword        ||    68
       Punch             ||     1
Armor: Leather armour    ||     6
       Ring mail         ||    19
Dodge: Dodged            ||    46
